 Dungeon Crawl Stone Soup version 0.27.0-1-g7a089689b8 (webtiles) character file.

Game seed: 18155139529953753725

48 horus123 the Chiller (level 3, -1/24 HPs)
             Began as a Merfolk Ice Elementalist on Aug 13, 2021.
             Slain by a mummy (11 damage)
             ... on level 4 of the Dungeon.
             The game lasted 00:04:30 (1392 turns).

horus123 the Chiller (Merfolk Ice Elementalist)     Turns: 1392, Time: 00:04:31

Health: -1/24      AC:  5    Str:  8    XL:     3   Next: 72%
Magic:  2/6        EV: 12    Int: 15    God:
Gold:   51         SH:  0    Dex: 14    Spells: 2/6 levels left

rFire    . . .     SeeInvis .   i - staff of conjuration
rCold    . . .     Faith    .   (no shield)
rNeg     . . .     Spirit   .   a - +0 robe
rPois    .         Reflect  .   d - +2 helmet
rElec    .         Harm     .   (no cloak)
rCorr    .         Rampage  .   (no gloves)
Will     .....                  (no boots)
Stlth    ++........             (no amulet)
HPRegen  0.08/turn              (no ring)
MPRegen  0.10/turn              (no ring)

@: no status effects
A: (nimble swimmer 2), mertail
a: no special abilities


You were on level 4 of the Dungeon.
You visited 1 branch of the dungeon, and saw 3 of its levels.

You collected 51 gold pieces.

Inventory:

Hand Weapons
 c - a +2 vampiric short sword
Armour
 a - a +0 robe (worn)
 d - a +2 helmet (worn)
Magical Staves
 g - a staff of death
 i - a staff of conjuration (weapon)
Scrolls
 f - a scroll of silence {unknown}
 j - a scroll of blinking {unknown}
 k - a scroll of teleportation {unknown}
Potions
 b - a potion of flight {unknown}
 e - 2 potions of lignification {unknown}
 h - a potion of attraction {unknown}


   Skills:
 + Level 0.1 Short Blades
 + Level 2.8 Dodging
 + Level 2.3 Stealth
 + Level 2.4 Spellcasting
 * Level 5.4 Ice Magic


You had 2 spell levels left.
You knew the following spells:

 Your Spells              Type           Power      Damage    Failure   Level
a - Freeze                Ice            72%        1d9       2%          1
b - Frozen Ramparts       Ice            36%        1d5       7%          3

Your spell library contained the following spells:

 Spells                   Type           Power      Damage    Failure   Level
 Ozocubu's Armour         Ice            18%        N/A       7%          3
 Hailstorm                Conj/Ice       14%        3d5       56%         4


Dungeon Overview and Level Annotations

Branches:
Dungeon (2/15)

Altars:

Shops:
D:1 [

Portals:
Ossuary: D:4

Annotations:
D:2 Sigmund


Innate Abilities, Weirdness & Mutations

((You are quick and stealthy near water. (Stealth+, EV+, Speed+++)))
Your lower body shifts to a powerful aquatic tail in water.


Message History

You start resting.
HP restored.
You see here a +0 spear.
Found a stone staircase leading down.
Found a scroll labelled ZOFEPN DUCECW.
You hear the hiss of an avalanche of sand very nearby.
j - a scroll labelled ZOFEPN DUCECW A ball python comes into view.
The ball python hisses angrily.
The ball python bites you. The ball python grabs you.
The ball python constricts you.
You freeze the ball python.
You kill the ball python!
Magic restored.
k - a scroll labelled CURUNUYXUGH You open the door.
A mummy comes into view.
Found a sand-covered staircase.
You hit the mummy but do no damage. You freeze the mummy.
The mummy resists.
The mummy is lightly damaged.
The mummy barely misses you.
You freeze the mummy.
The mummy resists.
The mummy is moderately damaged.
The mummy hits you!
Ouch! That really hurt!
You are too injured to fight recklessly!
You are too injured to fight recklessly!
Aiming: Freeze (safe; 2% risk of failure)
Press: ? - help, Q - select action Shift-Dir - straight line, f/p - mummy
Aim: a mummy (moderately damaged)
You freeze the mummy.
The mummy resists.
The mummy is heavily damaged.
Aiming: Freeze (safe; 2% risk of failure)
Press: ? - help, Q - select action Shift-Dir - straight line, f/p - mummy
Aim: a mummy (heavily damaged)
You freeze the mummy.
The mummy resists.
The mummy is heavily damaged.
The mummy hits you!
You die...

#.# #.# #.# #.# # #.#
.# #######.#####.#
..............###
..######..........#
.......@...........
###.###M###..####.#
#...##∩##..##
.....###...#
......#....# ###
##..#.## ..# ##..##.#
#.# ##...##.# #.#
#.......########.####


You could see a mummy.

Vanquished Creatures
  An adder (D:2)
  2 endoplasms (D:1)
  2 giant cockroaches (D:1)
  6 goblins (D:1)
  4 hobgoblins (D:1)
  2 quokkas (D:1)
  4 ball pythons
  3 bats (D:1)
  4 frilled lizards
  4 kobolds (D:1)
  4 rats (D:1)
36 creatures vanquished.

Notes
Turn   | Place    | Note
-------+----------+-------------------------------------------
     0 | D:1      | horus123 the Merfolk Ice Elementalist began the quest for
                  | the Orb.
     0 | D:1      | Reached XP level 1. HP: 13/13 MP: 3/3
   115 | D:1      | Reached XP level 2. HP: 18/19 MP: 0/5
   259 | D:1      | Reached skill level 5 in Ice Magic
   449 | D:1      | Reached XP level 3. HP: 24/24 MP: 1/6
   777 | D:1      | Learned a level 3 spell: Frozen Ramparts
   848 | D:1      | Found a faded altar of an unknown god.
   960 | D:1      | Found Anaex's Armour Emporium.
  1128 | D:2      | Noticed Sigmund
  1142 | D:2      | You fall into a shaft and drop 2 floors!
  1387 | D:4      | Found a sand-covered staircase.
  1392 | D:4      | Slain by a mummy

Illustrated notes

Levels and vault maps discovered:
D:1:      kennysheep_arrival_forest, layout_rooms,
          dreamdust_ecumenical_altar_angels_and_demons, serial_shops,
          nicolae_shop_statue_plus
D:2:      layout_loops_ring, basic_altar, uniq_sigmund
D:4:      layout_loops_ring, mainiacjoe_overflow_alcove_2,
          minmay_temple_entry_sparse_star, serial_shops, nicolae_shop_crystal,
          shop_fountains, kennysheep_mini_moat, shop,
          nicolae_ossuary_entry_giza, uniq_ijyb, uniq_grinder, uniq_eustachio

Skill      XL: |  1  2 |
---------------+-------+-----
Ice Magic      | 5 |  5.4
Short Blades   | |  0.1
Dodging        | |  2.8
Stealth        | |  2.3
Spellcasting   | |  2.4

Action                   || total
-------------------------++-------
Melee: Short sword       ||     6
       Staff             ||     3
 Cast: Freeze            ||    54
       Frozen Ramparts   ||     1
 Stab: Sleeping          ||     1
Armor: Robe              ||    16
Dodge: Dodged            ||    32
